AoeStats
← Adolphe Kent

Arabian Desert

510074182Analyzed
1v1 RM · 3d ago on Sep 29, 2026· 75m 25s· 2 players
Game mode
Random Map
Map size
Tiny (2 player)
Population
200
Speed
Normal
Resources
Standard
Victory
Conquest
Starting age
Dark Age
Ending age
Imperial Age
RankedLock teamsTeams togetherTeam positionsShared explorationLock speedFull tech treeHidden civsTurbo modeCheats
Victory
Defeat
🇫🇷 Bulgarians · France
838
+17
🇦🇷 Berbers · Argentina
862
-17
Adolphe Kent
9:00 Loom
11:25 Feudal Age
15:44 Double-Bit Axe
17:37 Wheelbarrow
19:48 Castle Age
18:36 Forging
18:31 Scale Mail Armor
18:56 Horse Collar
19:50 Scale Barding Armor
20:14 Gold Mining
21:02 Squires
24:02 Bow Saw
23:55 Heavy Plow
26:40 Stone Mining
29:13 Husbandry
30:07 Bloodlines
30:13 Light Cavalry
34:25 Imperial Age
33:47 Stirrups
34:45 Iron Casting
34:56 Cavalier
37:26 Conscription
38:24 Chain Barding Armor
42:09 Town Watch
43:50 Blast Furnace
43:25 Plate Barding Armor
45:13 Pikeman
46:12 Chain Mail Armor
45:43 Halberdier
50:12 Plate Mail Armor
54:33 Plate Mail Armor
62:39 Hand Cart
64:52 Gambesons
68:36 Masonry
71:47 Chemistry
71:03 Siege Engineers
DANY LUGA
8:22 Loom
12:30 Feudal Age
18:52 Castle Age
17:54 Double-Bit Axe
17:53 Horse Collar
18:10 Stone Mining
18:58 Gold Mining
20:21 Bow Saw
20:18 Heavy Plow
21:06 Gold Shaft Mining
24:31 Fletching
25:26 Bodkin Arrow
29:13 Ballistics
29:34 Wheelbarrow
28:45 Town Watch
30:09 Stone Shaft Mining
30:40 Padded Archer Armor
33:54 Hand Cart
33:42 Arson
33:58 Squires
37:12 Imperial Age
35:38 Kasbah
36:33 Pikeman
38:10 Town Patrol
37:52 Elite Camel Archer
39:33 Maghrebi Camels
42:33 Chemistry
41:48 Bracer
42:14 Forging
42:05 Scale Mail Armor
42:20 Leather Archer Armor
46:44 Iron Casting
46:40 Ring Archer Armor
46:26 Chain Mail Armor
49:05 Blast Furnace
48:11 Scale Barding Armor
49:57 Thumb Ring
49:14 Crossbowman
51:22 Hoardings
52:40 Plate Mail Armor
52:31 Chain Barding Armor
61:07 Murder Holes
60:52 Man-at-Arms
64:27 Long Swordsman
65:31 Two-Handed Swordsman
65:35 Onager
65:57 Heavy Scorpion
66:18 Champion
70:01 Crop Rotation
Connection lost

Rejoining the realm…

Still unreachable

The connection could not be restored.

Session expired

The server has moved on; the page needs a fresh start.